 Dungeon Crawl Stone Soup version 0.23.1 (webtiles) character file.

Game seed: 10429650477193288808

67 Kniotic the Insei (level 4, 25/35 HPs)
             Began as a Demonspawn Monk on Mar 3, 2019.
             Quit the game on level 3 of the Dungeon.
             The game lasted 00:02:10 (2557 turns).

Kniotic the Insei (Demonspawn Monk)                 Turns: 2557, Time: 00:02:10

Health: 25/35      AC:  2    Str: 11    XL:     4   Next: 0%
Magic:  4/4        EV: 13    Int: 12    God:
Gold:   183        SH:  0    Dex: 16    Spells: 3/3 levels left

rFire    + . .     SeeInvis .     - Unarmed
rCold    . . .     Gourm    .   (no shield)
rNeg     . . .     Faith    .   a - +0 robe
rPois    .         Spirit   .   (no helmet)
rElec    .         Reflect  .   (no cloak)
rCorr    .         Harm     .   (no gloves)
MR       .....                  (no boots)
Stlth    ++........             (no amulet)
HPRegen  0.11/turn              (no ring)
MPRegen  0.09/turn              (no ring)

@: no status effects
A: hooves 1, demonic guardian 1, fire resistance 1
a: no special abilities


You were on level 3 of the Dungeon.
You were not hungry.

You visited 1 branch of the dungeon, and saw 3 of its levels.

You collected 183 gold pieces.

Inventory:

Armour
 a - a +0 robe (worn)
Jewellery
 n - an uncursed ring of see invisible {unknown}
Scrolls
 d - a scroll of blinking {unknown}
 e - a scroll of teleportation {unknown}
 g - a scroll of identify {unknown}
 h - a scroll of magic mapping {unknown}
 i - a scroll of immolation {unknown}
 j - 2 scrolls of amnesia {unknown}
 o - a scroll of remove curse {unknown}
Potions
 c - 3 potions of brilliance {unknown}
 f - a potion of flight {unknown}
 k - a potion of haste {unknown}
 l - a potion of degeneration {unknown}
 m - a potion of mutation {unknown}
 q - a potion of heal wounds {unknown}
Comestibles
 b - 7 rations
 p - 3 chunks of flesh


   Skills:
 - Level 3.0 Fighting
 - Level 2.6 Dodging
 - Level 1.7 Stealth
 + Level 4.4 Unarmed Combat


You had 3 spell levels left.
You didn't know any spells.
Your spell library was empty.

Dungeon Overview and Level Annotations

Branches:
Dungeon (3/15)

Altars:
Elyvilon


Innate Abilities, Weirdness & Mutations

You have large cloven feet.
A weak demonic guardian rushes to your aid.
Your flesh is heat resistant. (rF+)


Message History

a +0 ring mail; an orc skeleton An orc comes into view.
It is wielding a +0 dagger.
An orc is nearby!
A hobgoblin comes into view. It is wielding a +0 club.
Found a stone staircase leading down.
An orc wizard comes into view. It is wielding a +0 dagger.
The orc wizard shouts!
The orc shouts!
You hear an angry hiss.
An orc wizard comes into view. It is wielding a +2 dagger of venom.
The orc wizard shouts!
The orc hits you but does no damage.
You hit the orc.
The orc is heavily wounded.
The orc wizard mumbles some strange words.
The orc wizard blinks!
The orc hits you with a +0 dagger.
You hit the orc.
You kill the orc!
You have reached level 4!
You feel clever.
Your demonic ancestry asserts itself...
Your feet thicken and deform.
Are you sure you want to abandon this character and quit the game? (Confirm with "yes".)

......# ### .......
..# .#
...##.####.#########.#
....................>#
.#.#.......##.##...o.#
.#.#........#.##.....#
.#..)...##....##.....#
.#+#....<#..####g....#
...(........# #@5...#
<...........# #.....#
.........<#)# #.....#
............# #.#####
.#####....### #.# .#
#.#..# #.# .# #....#
#.# '#####.#..# #.#
.....####.## #.#


You could see an orc wizard, a hobgoblin and a friendly quasit.

Vanquished Creatures
  An adder (D:3)
  2 oozes
  A worm (D:2)
  A dart slug (D:1)
  2 leopard geckos
  3 orcs (D:3)
  2 giant cockroaches
  3 goblins
  4 hobgoblins
  2 jackals (D:1)
  A quokka (D:3)
  3 bats
  2 frilled lizards (D:1)
  6 kobolds
  7 rats
40 creatures vanquished.

Notes
Turn   | Place    | Note
-------+----------+-------------------------------------------
     0 | D:1      | Kniotic the Demonspawn Monk began the quest for the Orb.
     0 | D:1      | Reached XP level 1. HP: 18/18 MP: 1/1
    90 | D:1      | Reached skill level 3 in Unarmed Combat
   135 | D:1      | Gained mutation: Your flesh is heat resistant. (rF+)
                  | [demonic ancestry]
   135 | D:1      | Reached XP level 2. HP: 16/24 MP: 2/2
  1197 | D:2      | Gained mutation: A weak demonic guardian rushes to your
                  | aid. [demonic ancestry]
  1197 | D:2      | Reached XP level 3. HP: 28/29 MP: 3/3
  1292 | D:2      | Found a white marble altar of Elyvilon.
  1620 | D:2      | HP: 1/29 [worm (11)]
  1891 | D:2      | Reached skill level 4 in Unarmed Combat
  2556 | D:3      | Gained mutation: You have large cloven feet. [demonic
                  | ancestry]
  2556 | D:3      | Reached XP level 4. HP: 25/35 MP: 4/4
  2557 | D:3      | Quit the game

Skill      XL: |  1  2  3 |
---------------+----------+-----
Unarmed Combat | 3 4 |  4.4
Fighting       | |  3.0
Dodging        | |  2.6
Stealth        | |  1.7

Action                   |  1- 3 |  4- 6 || total
-------------------------+-------+-------++-------
Melee: Unarmed           |   179 |       ||   179
       Punch             |     1 |       ||     1
 Stab: Sleeping          |     3 |       ||     3
  Eat: Chunk             |     2 |       ||     2
       Ration            |     1 |       ||     1
Armor: Robe              |    32 |       ||    32
Dodge: Dodged            |   100 |       ||   100
